 Dungeon Crawl Stone Soup version 0.27.1-3-gb3d3a73c9e (webtiles) character file.

Game seed: 7697293419283363978

1790 Crownlay the Blocker (level 8, -6/64 HPs)
             Began as a Minotaur Fighter on Oct 21, 2021.
             Was a Believer of Cheibriados.
             Mangled by Maggie (20 damage)
             ... on level 6 of the Dungeon.
             The game lasted 00:07:53 (5806 turns).

Crownlay the Blocker (Minotaur Fighter)             Turns: 5806, Time: 00:07:54

Health: -6/64      AC:  6    Str: 25    XL:     8   Next: 82%
Magic:  7/7        EV: 14    Int: 10    God:    Cheibriados [**....]
Gold:   252        SH:  0    Dex: 18    Spells: 7/7 levels left

rFire    . . .     SeeInvis .   p - +2 hand axe (elec)
rCold    . . .     Faith    .   (no shield)
rNeg     . . .     Spirit   .   b - +0 scale mail
rPois    .         Reflect  .   (helmet restricted)
rElec    .         Harm     .   (no cloak)
rCorr    .         Rampage  .   (no gloves)
Will     .....                  (no boots)
Stlth    ..........             (no amulet)
HPRegen  0.20/turn              (no ring)
MPRegen  0.10/turn              (no ring)

@: brilliant, mesmerised, hasted
A: horns 2, retaliatory headbutt
a: Renounce Religion, Bend Time


You were on level 6 of the Dungeon.
You worshipped Cheibriados.
Cheibriados was pleased with you.
You visited 2 branches of the dungeon, and saw 7 of its levels.

You collected 252 gold pieces.

Inventory:

Hand Weapons
 a - a +0 long sword
 p - a +2 hand axe of electrocution (weapon)
Armour
 b - a +0 scale mail (worn)
 c - a +0 kite shield
Jewellery
 j - a ring of ice
 m - a ring of ice
 t - an amulet of magic regeneration
Scrolls
 e - a scroll of amnesia
 f - a scroll of enchant weapon {unknown}
 g - 5 scrolls of teleportation
 i - 2 scrolls of immolation
 k - 2 scrolls of blinking
 n - 3 scrolls of identify
 r - 2 scrolls of noise
 y - a scroll of acquirement {unknown}
 A - a scroll of holy word
 B - a scroll of enchant armour {unknown}
Potions
 d - 3 potions of might
 h - 2 potions of haste
 l - a potion of attraction {unknown}
 o - a potion of brilliance
 q - a potion of curing
 s - a potion of degeneration {unknown}
 u - a potion of lignification {unknown}
 v - a potion of resistance {unknown}
 w - a potion of heal wounds {unknown}
 x - a potion of flight {unknown}
 z - a potion of ambrosia {unknown}


   Skills:
 - Level 3.6 Fighting
 - Level 5.5 Long Blades
 - Level 3.6 Armour
 + Level 6.5 Dodging
 * Level 10.9 Shields


You had 7 spell levels left.
You didn't know any spells.
Your spell library contained the following spells:

 Spells                   Type           Power      Damage    Failure   Level
 Summon Small Mammal      Summ           0%         N/A       65%         1
 Call Canine Familiar     Summ           0%         N/A       95%         3
 Summon Guardian Golem    Hex/Summ       0%         N/A       95%         3


Dungeon Overview and Level Annotations

Branches:
Dungeon (6/15)             Temple (1/1) D:4

Altars:
Ashenzari
Cheibriados
Dithmenos
Elyvilon
Fedhas
Gozag
Hepliaklqana
Kikubaaqudgha
Makhleb
Nemelex Xobeh
Qazlal
Ru
Sif Muna
Trog
Uskayaw
Vehumet
Wu Jian
Xom
Yredelemnul
Zin
The Shining One

Shops:
D:4 (

Annotations:
D:6 Maggie


Innate Abilities, Weirdness & Mutations

You have a pair of horns on your head.
You reflexively headbutt those who attack you in melee.


Message History

Maggie draws you further into her thrall.
You see here a +0 giant club.
You hit the scorpion. Lightning courses through the scorpion!
You headbutt the scorpion.
You kill the scorpion!
Cheibriados thoroughly appreciates the change of pace.
Maggie casts a spell at you. The bolt of fire hits you!!
You see here a scorpion corpse.
Maggie closely misses you. x2
Maggie gestures at you while chanting. The bolt of fire hits you!!
* * * LOW HITPOINT WARNING * * *
You are too injured to fight recklessly!
You are too injured to fight recklessly!
You are too injured to fight recklessly!
You are too injured to fight recklessly!
You barely miss Maggie.
Maggie hits you with a +1 vorpal glaive!
* * * LOW HITPOINT WARNING * * *
x2 Maggie misses you.
You furiously retaliate!
You headbutt Maggie.
It was a potion of haste.
You feel yourself speed up.
Cheibriados forgives your accidental hurry, just this once.
Maggie misses you.
It was a potion of brilliance.
You feel clever all of a sudden.
It was a potion of curing.
You feel better. Maggie closely misses you. You furiously retaliate!
You headbutt Maggie. You barely miss Maggie.
You headbutt Maggie, but do no damage.
Maggie is lightly wounded.
Maggie completely misses you. You furiously retaliate!
You headbutt Maggie, but do no damage.
Okay, then.
You hit Maggie. Lightning courses through Maggie!
Maggie is moderately wounded.
Maggie completely misses you. You furiously retaliate!
You headbutt Maggie! You hit Maggie. Your headbutt misses Maggie.
Maggie is severely wounded.
Maggie hits you with a +1 vorpal glaive!!
You die...

#.........###..#
#.....
#.........# #..#
......
#........##
#..##......
##.......##
##.........
#......###
#.........
..######
#.)....... ..#
#.†....... ..#
#......... ..#
#.@....... ..#
#..@.(.... ..#
##.......# ..#
#.......# ..#
........# ..#
........# ..#
......... ..#
### ..........
..###.##


You could see Maggie (mesmerising).

Vanquished Creatures
  Sigmund (D:2)
  An acid dragon (D:4)
  A sky beast (D:5)
  A black bear (D:5)
  4 ogres
  A phantom (D:5)
  A scorpion (D:6)
  2 water moccasin skeletons (D:5)
  3 wights (D:6)
  A howler monkey (D:4)
  A bullfrog zombie (D:6)
  3 hounds
  2 orc priests
  3 iguanas
  4 orc wizards
  A killer bee zombie (D:5)
  A howler monkey zombie (D:6)
  9 adders
  A shadow imp (D:5)
  A white imp (D:6)
  3 adder skeletons
  A worm (D:2)
  2 dart slugs
  17 orcs
  8 endoplasms
  2 giant cockroaches (D:1)
  12 goblins
  12 hobgoblins
  9 kobolds
  2 quokkas
  9 ball pythons
  4 bats
  2 frilled lizards
  A rat (D:2)
126 creatures vanquished.

Notes
Turn   | Place    | Note
-------+----------+-------------------------------------------
     0 | D:1      | Crownlay the Minotaur Fighter began the quest for the Orb.
     0 | D:1      | Reached XP level 1. HP: 19/19 MP: 0/0
    98 | D:1      | Reached XP level 2. HP: 20/26 MP: 1/1
   933 | D:2      | Reached XP level 3. HP: 30/31 MP: 2/2
  1068 | D:2      | Reached skill level 4 in Shields
  1338 | D:2      | Reached XP level 4. HP: 23/39 MP: 3/3
  1482 | D:2      | Noticed Sigmund
  1497 | D:2      | Killed Sigmund
  1498 | D:2      | Reached skill level 5 in Long Blades
  1498 | D:2      | Reached skill level 5 in Shields
  1498 | D:2      | Reached XP level 5. HP: 30/45 MP: 4/4
  2000 | D:3      | Reached XP level 6. HP: 24/51 MP: 5/5
  2416 | D:3      | Reached skill level 6 in Shields
  2452 | D:3      | Found a faded altar of an unknown god.
  2538 | D:3      | Found a sacrificial altar of Ru.
  2608 | D:4      | Found a staircase to the Ecumenical Temple.
  2625 | Temple   | Entered the Ecumenical Temple
  2754 | Temple   | Became a worshipper of Cheibriados the Contemplative
  2815 | D:4      | Found a broken altar of Ashenzari.
  2939 | D:4      | Found a blossoming altar of Fedhas.
  2948 | D:4      | Reached skill level 7 in Shields
  2948 | D:4      | Reached XP level 7. HP: 48/57 MP: 6/6
  3494 | D:4      | Found Unwoiwum's Antique Weapon Shop.
  3723 | D:4      | Reached * piety under Cheibriados
  3724 | D:4      | Reached skill level 8 in Shields
  3914 | D:5      | Entered Level 5 of the Dungeon
  4134 | D:5      | Reached skill level 5 in Dodging
  4134 | D:5      | Reached skill level 9 in Shields
  4134 | D:5      | Reached XP level 8. HP: 64/64 MP: 7/7
  4322 | D:5      | Found a stormy altar of Qazlal.
  5182 | D:6      | Found a bloodstained altar of Trog.
  5324 | D:6      | Reached ** piety under Cheibriados
  5330 | D:6      | Reached skill level 10 in Shields
  5793 | D:6      | Noticed Maggie
  5806 | D:6      | Mangled by Maggie

Illustrated notes

Levels and vault maps discovered:
D:1:      nagdon_arrival_double_spiral, layout_basic, solitary_fountain
D:2:      layout_basic, uniq_sigmund
D:3:      layout_rooms, nicolae_ru_path_of_blood,
          shapermc_ecumenical_altar_pompeii
D:4:      layout_gridville, amcnicky_altar_gilded,
          mainiacjoe_overflow_cross_hatched, minmay_temple_entry_glass,
          serial_shops, nicolae_diamond_shop
D:5:      layout_loops_corners, nicolae_qazlal_eye_of_the_storm
D:6:      layout_cave_pods, mainiacjoe_overflow_tiny_flanked, uniq_maggie
Temple:   compressed_dpeg_circular_temple

Skill      XL: |  1  2  3  4  5  6  7  8 |
---------------+-------------------------+-----
Long Blades    | 3 4 5 |  5.5
Shields        | 4 5 7 9 10 | 10.9
Dodging        | 2 3 5 6 |  6.5
Fighting       | |  3.6
Armour         | |  3.6

Action                   |  1- 3 |  4- 6 |  7- 9 || total
-------------------------+-------+-------+-------++-------
Melee: Long sword        |    79 |    36 |       ||   115
       Headbutt          |    12 |    10 |    26 ||    48
       Hand axe          |       |    32 |   121 ||   153
  Use: Potion            |       |     1 |     3 ||     4
       Scroll            |       |       |     6 ||     6
Armor: Scale mail        |    39 |    28 |    47 ||   114
Dodge: Dodged            |    51 |    44 |    71 ||   166
       Rpst.: Long sword |    15 |     7 |       ||    22
